 Seeded DCSS version 0.30-a0-377-g5cb311bc9f (webtiles) character file.

Game seed: 20221140 (custom seed)

24 McGhostyFace the Charlatan (level 3, 0/28 HPs)
             Began as a Gnoll Wanderer on Nov 30, 2022.
             Slain by a kobold
             ... wielding a +0 short sword
              (1 damage)
             ... on level 1 of the Dungeon.
             The game lasted 00:01:38 (1209 turns).

McGhostyFace the Charlatan (Gnoll Wanderer)         Turns: 1209, Time: 00:01:39

Health: 0/28       AC:  3    Str:  8    XL:     3   Next: 2%
Magic:  8/9        EV: 13    Int: 13    God:
Gold:   40         SH:  0    Dex: 14    Spells: 11/12 levels left

rFire   . . .      SeeInvis .    k - +1 short sword (venom)
rCold   . . .      Faith    .    (no shield)
rNeg    . . .      Spirit   .    d - +0 robe
rPois   .          Reflect  .    b - +0 helmet
rElec   .          Harm     .    (no cloak)
rCorr   .          Rampage  .    (no gloves)
Will    .....                    (no boots)
Stlth   ++........               (no amulet)
HPRegen 0.24/turn                (no ring)
MPRegen 0.11/turn                (no ring)

@: no status effects
A: fangs 1, strong nose, distributed training
a: no special abilities


You were on level 1 of the Dungeon.
You visited 1 branch of the dungeon, and saw 2 of its levels.

You collected 40 gold pieces.

Inventory:

Hand Weapons
 a - a +0 dagger
 k - a +1 short sword of venom (weapon)
Armour
 b - a +0 helmet (worn)
 d - a +0 robe (worn)
Wands
 e - a wand of iceblast (4)
Scrolls
 f - 3 scrolls of silence {unknown}
Potions
 c - a potion of lignification
 g - a potion of berserk rage
 h - a potion of mutation {unknown}
 j - a potion of attraction {unknown}


   Skills:
 + Level 2.5 Fighting
 + Level 0.6 Short Blades
 + Level 0.6 Long Blades
 + Level 0.6 Axes
 + Level 0.6 Maces & Flails
 + Level 0.6 Polearms
 + Level 0.6 Staves
 + Level 0.6 Ranged Weapons
 + Level 0.6 Throwing
 + Level 0.6 Armour
 + Level 4.5 Dodging
 + Level 0.6 Stealth
 + Level 0.6 Shields
 + Level 0.6 Unarmed Combat
 + Level 5.0 Spellcasting
 + Level 0.4 Conjurations
 + Level 0.4 Hexes
 + Level 0.4 Summonings
 + Level 0.4 Necromancy
 + Level 0.4 Translocations
 + Level 0.4 Transmutations
 + Level 3.7 Fire Magic
 + Level 0.4 Ice Magic
 + Level 0.4 Air Magic
 + Level 0.4 Earth Magic
 + Level 0.4 Poison Magic
 + Level 0.8 Invocations
 + Level 6.5 Evocations


You had 11 spell levels left.
You knew the following spells:

 Your Spells              Type           Power      Damage    Failure   Level
a - Foxfire               Conj/Fire      32%        2x1d5     8%          1

Your spell library contained the following spells:

 Spells                   Type           Power      Damage    Failure   Level
 Ignite Poison            Fire/Tmut/Pois 7%         N/A       30%         3
 Sticky Flame             Conj/Fire      8%         2d3       61%         4
 Ignition                 Fire           6%         3d4       100%        8


Dungeon Overview and Level Annotations

Branches:
Dungeon (2/15)

Altars:

Shops:
D:1 !?=


Innate Abilities, Weirdness & Mutations

You have very sharp teeth.
Your uncanny sense of smell can sniff out nearby items.
Your experience applies equally to all skills.


Message History

The kobold attacks as you move away! The kobold hits you with a +0 whip.
The kobold throws a stone.
The stone misses you.
You hit the kobold.
The kobold is moderately wounded.
The kobold hits you with a +0 whip.
* * * LOW HITPOINT WARNING * * *
You closely miss the kobold. Your bite misses the kobold.
The kobold is moderately wounded.
The kobold hits you but does no damage.
You completely miss the kobold.
The kobold is moderately wounded.
The kobold barely misses you.
You closely miss the kobold.
The kobold is moderately wounded.
The kobold closely misses you.
You closely miss the kobold.
The kobold is moderately wounded.
The kobold closely misses you.
You hit the kobold but do no damage.
The kobold is poisoned.
The kobold is moderately wounded.
The kobold hits you with a +0 whip.
* * * LOW HITPOINT WARNING * * *
You hit the kobold but do no damage.
The kobold looks even sicker.
The kobold is moderately wounded.
You kill the kobold!
You closely miss the kobold. Your bite misses the kobold.
The kobold barely misses you.
You hit the kobold but do no damage.
The kobold is poisoned.
The kobold misses you.
You closely miss the kobold. Your bite misses the kobold.
The kobold barely misses you.
You barely miss the kobold. The kobold completely misses you.
You barely miss the kobold.
The kobold is moderately wounded.
The kobold hits you with a +0 short sword.
* * * LOW HITPOINT WARNING * * *
You barely miss the kobold.
The kobold is severely wounded.
The kobold hits you with a +0 short sword.
You die...

### #.# #.# ########### #.#
#......@K.# #.# #.#######.# #.#
#.#...>...# #.# #.#.###########
#.# #.#.#####.....######.#
#.#)...##.###.#......#
##.####.##.....#.######## ######
#....##.##..####.#.......
.....####..#.##.##..#..#.#.#####.


You could see a kobold (poisoned).

Vanquished Creatures
  4 ball pythons (D:1)
  4 bats (D:1)
  2 endoplasms (D:1)
  3 giant cockroaches (D:1)
  2 goblins (D:1)
  2 hobgoblins (D:1)
  A frilled lizard (D:1)
  2 kobolds (D:1)
  3 rats (D:1)
23 creatures vanquished.

Vanquished Creatures (others)
  10 foxfires (D:1)
10 creatures vanquished.

Grand Total: 33 creatures vanquished

Notes
Turn   | Place    | Note
-------+----------+-------------------------------------------
     0 | D:1      | McGhostyFace the Gnoll Wanderer began the quest for the
                  | Orb.
     0 | D:1      | McGhostyFace set off with the following items: a +0 dagger,
                  | a +0 helmet, a potion of lignification, a +0 robe, a wand
                  | of iceblast (4); and the following spell memorised:
                  | Foxfire; and the following spells available to memorise:
                  | Ignite Poison.
     0 | D:1      | Reached XP level 1. HP: 17/17 MP: 6/6
    64 | D:1      | Found Xoek's Distillery.
   162 | D:1      | Reached XP level 2. HP: 23/23 MP: 7/7
   573 | D:1      | Found Zaehoici's Jewellery Emporium.
   916 | D:1      | Found Adatir's Magic Scroll Shoppe.
  1196 | D:1      | Reached skill level 5 in Spellcasting
  1196 | D:1      | Reached XP level 3. HP: 15/28 MP: 7/9
  1208 | D:1      | HP: 1/28 [kobold/+0 short sword (3)]
  1209 | D:1      | Slain by a kobold

Illustrated notes

Levels and vault maps discovered:
D:1:      onia_arrival_pyramid, layout_basic, serial_shops, shop,
          nicolae_shop_crystal, nicolae_shop_waterfront, minmay_door_square
D:2:      layout_rooms, uniq_terence

Skill      XL: |  1  2 |
---------------+-------+-----
Spellcasting   | 5 |  5.0
Fighting       | |  2.5
Short Blades   | |  0.6
Long Blades    | |  0.6
Axes           | |  0.6
Maces & Flails | |  0.6
Polearms       | |  0.6
Staves         | |  0.6
Ranged Weapons | |  0.6
Throwing       | |  0.6
Armour         | |  0.6
Dodging        | |  4.5
Stealth        | |  0.6
Shields        | |  0.6
Unarmed Combat | |  0.6
Conjurations   | |  0.4
Hexes          | |  0.4
Summonings     | |  0.4
Necromancy     | |  0.4
Translocations | |  0.4
Transmutations | |  0.4
Fire Magic     | |  3.7
Ice Magic      | |  0.4
Air Magic      | |  0.4
Earth Magic    | |  0.4
Poison Magic   | |  0.4
Invocations    | |  0.8
Evocations     | |  6.5

Action                   || total
-------------------------++-------
Melee: Dagger            ||    52
       Bite              ||     5
       Punch             ||     1
       Short sword       ||    34
 Cast: Foxfire           ||     6
  Use: Scroll            ||     2
 Stab: Sleeping          ||     2
Armor: Robe              ||    20
Dodge: Dodged            ||    78

Table legend: (Time is in decaauts)
 A = Elapsed time spent in this place.
 B = Non-inter-level travel time spent in this place.
 C = Inter-level travel time spent in this place.
 D = Time resting spent in this place.
 E = Time spent auto-exploring this place.
 F = Levels seen in this place.
 G = Mean time per level.
                   A        B        C        D        E       F      G
               +--------+--------+--------+--------+--------+-----+--------+
         Total |   1208 |   1146 |     62 |     17 |    933 |   2 |  604.0 |
       Dungeon |   1208 |   1146 |     62 |     17 |    933 |   2 |  604.0 |
               +--------+--------+--------+--------+--------+-----+--------+

Top non-repeatable levels by time:
     D:1: 1193 daAuts
     D:2: 14 daAuts
